 Dungeon Crawl Stone Soup version 0.13-a0-2712-g07f05f3 (webtiles) character file.

240 DaftWullie the Cutter (level 5, 0/33 HPs)
             Began as a Kobold Berserker on Aug 15, 2013.
             Was a Believer of Trog.
             Succumbed to DaftWullie's ghost's poison
             ... on Level 2 of the Dungeon on Aug 16, 2013.
             The game lasted 00:30:19 (2751 turns).

DaftWullie the Cutter (Kobold Berserker)            Turns: 2751, Time: 00:30:20

HP   0/33        AC  2     Str 16      XL: 5   Next: 39%
MP   4/4         EV 16     Int  5      God: Trog [**....]
Gold 107         SH  0     Dex 16      Spells:  0 memorised,  4 levels left

Res.Fire  : . . .   See Invis. : .   a - +2 short sword (speed)
Res.Cold  : . . .   Warding    : .   b - +0 animal skin
Life Prot.: . . .   Conserve   : .   (no shield)
Res.Poison: .       Res.Corr.  : .   (no helmet)
Res.Elec. : .       Clarity    : +   (no cloak)
Sust.Abil.: . .     Spirit.Shd : .   (no gloves)
Res.Mut.  : .       Stasis     : .   (no boots)
Res.Rott. : .       Flight     : .   D - amulet of clarity {unknown}
Saprovore : + + .                    (no ring)
                                     p - ring of sustenance

@: regenerating, mildly poisoned, quite resistant to hostile enchantments,
unstealthy
A: disease resistance, carnivore 3, saprovore 2
a: Burn Spellbooks, Berserk, Trog's Hand, Renounce Religion


You were on level 2 of the Dungeon.
You worshipped Trog.
Trog was greatly pleased with you.
You were completely stuffed.

You visited 1 branch of the dungeon, and saw 4 of its levels.

You collected 87 gold pieces.

Inventory:

Hand weapons
 a - a +2,+2 short sword of speed (weapon)
 i - a +0,+0 short sword
 j - a +0,+1 dwarven short sword
 E - a +0,+0 short sword
Missiles
 d - 39 darts (quivered)
 f - 23 darts of flame
 y - 25 poisoned needles
Armour
 b - a +0 animal skin (worn)
 q - a +1 pair of boots
Magical devices
 w - a wand of polymorph (9) {unknown}
Comestibles
 c - 3 meat rations
 k - a bread ration
Scrolls
 l - a scroll of curse armour {unknown}
 n - a scroll of enchant armour {unknown}
 o - 4 scrolls of remove curse {unknown}
 r - 6 scrolls of teleportation
 t - a scroll of amnesia {unknown}
 u - 2 scrolls of identify {unknown}
 x - 3 scrolls of noise
 C - a scroll of enchant weapon II {unknown}
 F - a scroll of curse jewellery {unknown}
 J - a scroll of fog {unknown}
Jewellery
 p - a ring of sustenance (left hand)
 D - an amulet of clarity (around neck) {unknown}
Potions
 e - a potion of heal wounds {unknown}
 g - 2 potions of flight {unknown}
 h - a potion of mutation {unknown}
 m - a potion of invisibility {unknown}
 s - a potion of resistance {unknown}
 v - a potion of poison {unknown}
 z - a potion of curing {unknown}
 A - a potion of brilliance {unknown}
 B - a potion of agility {unknown}
 G - a potion of beneficial mutation {unknown}
 H - a potion of might {unknown}
 I - a potion of restore abilities {unknown}


   Skills:
 + Level 4.2 Fighting
 * Level 5.6 Short Blades
 + Level 1.8 Throwing
 - Level 1.5 Armour
 + Level 3.5 Dodging
 + Level 0.4 Stealth


You had 4 spell levels left.
You didn't know any spells.

Dungeon Overview and Level Annotations

Branches:
Dungeon (4/27)
 Temple: D:4-7

Altars:
Okawaru

Annotations
D:2 1 exclusion, Crazy Yiuf
D:3 DaftWullie's ghost, average KoBe
D:4 Menkaure


Innate Abilities, Weirdness & Mutations

You recuperate from illness quickly.
You are small and have problems with some larger weapons.
You are carnivorous and can eat meat at any time.
You can eat rotten meat.


Message History

You start resting.
* * * LOW HITPOINT WARNING * * *
You feel sick.
You start resting.
* * * LOW HITPOINT WARNING * * *
You feel sick.
You start resting.
* * * LOW HITPOINT WARNING * * *
You feel sick.
You start resting.
* * * LOW HITPOINT WARNING * * *
You feel sick.
You start resting.
* * * LOW HITPOINT WARNING * * *
You feel sick.
Use which ability? (? or * to list)
Your skin crawls.
You feel resistant to hostile enchantments.
You feel slightly less full.
You die...

..........#≈8_≈'........#.# #.#
....####..#≈§≈≈#........#.# #%#
.##..#.#..######.###....#.###.#
.##....#.........###.#......#.#
..............................#
.##..#.#....#.###..#..........#
.##..#.#....#.###..###.######.#
.##..........).##>.# #.# #.#
......##........@..# #.# #.#
.#........#.#..#...# #.######.###
......#...#........###.#........#
....#.#...#^...#.......#.####.#.#
....#..........#....##.#.# #.#.#
......#..####..#....####.# #.#.#
....#.##.# ##.#....# #.# #.#.#
....#.#..# #.#....# #.# #.#.#
##..#.#.## #.#....# #.# #.#.#


There were no monsters in sight!

Vanquished Creatures
  5 adders
  3 worms
  2 giant geckos
  4 giant cockroaches
  4 goblins
  5 hobgoblins
  13 jackals
  8 kobolds
  2 quokkas (D:3)
  4 ball pythons
  5 bats
  3 giant newts
  3 rats
61 creatures vanquished.

Notes
Turn   | Place    | Note
--------------------------------------------------------------
     0 | D:1      | DaftWullie, the Kobold Berserker, began the quest for the Orb.
     0 | D:1      | Reached XP level 1. HP: 14/14 MP: 0/0
   200 | D:1      | Reached XP level 2. HP: 8/19 MP: 1/1
   576 | D:1      | Reached XP level 3. HP: 17/24 MP: 2/2
   596 | D:1      | Acquired Trog's second power
  1142 | D:2      | Reached XP level 4. HP: 24/29 MP: 3/3
  1201 | D:2      | Reached skill level 5 in Short Blades
  1225 | D:2      | Reached skill level 1 in Throwing
  1334 | D:2      | Found an iron altar of Okawaru.
  1407 | D:2      | Noticed Crazy Yiuf
  2045 | D:3      | Reached XP level 5. HP: 33/33 MP: 4/4
  2275 | D:3      | Noticed DaftWullie's ghost (average KoBe)
  2280 | D:4      | Noticed Menkaure
  2314 | D:2      | Upgraded the game from 0.13-a0-2700-g8dc4729 to 0.13-a0-2712-g07f05f3
  2750 | D:2      | HP: 1/33 [poisoned by DaftWullie's ghost]
  2751 | D:2      | Succumbed to DaftWullie's ghost's poison

Action                   |  1- 3 |  4- 6 || total
-------------------------+-------+-------++-------
Melee: Short sword       |    96 |   137 ||   233
Throw: Dart              |    16 |    17 ||    33
Invok: Berserk           |     1 |       ||     1
       Trog's Hand       |       |     4 ||     4
  Use: Scroll            |       |     2 ||     2
 Stab: Sleeping          |     1 |     1 ||     2
